AoeStats
← Morrión

Yucatan

510577443Analyzed
2v2 RM · 2d ago on Oct 1, 2026· 24m 29s· 4 players
Game mode
Random Map
Map size
Medium (4 player)
Population
200
Speed
Normal
Resources
Standard
Victory
Conquest
Starting age
Dark Age
Ending age
Imperial Age
RankedLock teamsTeams togetherTeam positionsShared explorationLock speedFull tech treeHidden civsTurbo modeCheats
Victory
Defeat
🇪🇸 Varangians · Spain
1353
+15
🇪🇸 Mongols · Spain
1352
+15
🇩🇪 Japanese · Germany
1398
-17
🇩🇪 Lithuanians · Germany
1280
-20
[KoM] Sir Djemba Djemba
5:18 Loom
9:40 Feudal Age
9:50 Man-at-Arms
10:50 Double-Bit Axe
14:09 Horse Collar
18:29 Wheelbarrow
22:13 Castle Age
22:14 Forging
22:14 Pikeman
23:47 Bow Saw
Slubidoo
6:41 Loom
8:40 Feudal Age
9:24 Double-Bit Axe
Morrión
7:22 Loom
10:58 Feudal Age
14:07 Bloodlines
14:12 Scale Barding Armor
19:16 Forging
21:54 Castle Age
22:38 Light Cavalry
23:21 Husbandry
juanca12
9:42 Feudal Age
11:43 Bloodlines
11:27 Double-Bit Axe
14:02 Forging
13:59 Scale Barding Armor
15:09 Wheelbarrow
17:41 Castle Age
17:58 Light Cavalry
19:30 Husbandry
22:59 Iron Casting
22:24 Scale Mail Armor
22:44 Horse Collar
Connection lost

Rejoining the realm…

Still unreachable

The connection could not be restored.

Session expired

The server has moved on; the page needs a fresh start.